 Dungeon Crawl Stone Soup version 0.28.0-53-g5a82cb258f (webtiles) character file.

Game seed: 17929508587933694331

2761 Gabide the Fighter (level 9, -10/74 HPs)
             Began as a Mummy Berserker on June 3, 2022.
             Was a Priest of Trog.
             Mangled by Pikel
             ... wielding a +0 whip of electrocution
              (19 damage)
             ... on level 6 of the Dungeon.
             The game lasted 00:25:36 (11840 turns).

Gabide the Fighter (Mummy Berserker)               Turns: 11840, Time: 00:25:37

Health: -10/74     AC: 11    Str: 24    XL:     9   Next: 42%
Magic:  9/9        EV: 12    Int:  7    God:    Trog [***...]
Gold:   32         SH:  0    Dex: 11    Spells: 8/8 levels left

rFire   x . .      SeeInvis .     - Unarmed
rCold   + . .      Faith    .   (no shield)
rNeg    + + +      Spirit   .   t - +2 scale mail {rPois}
rPois   ∞          Reflect  .   s - +0 helmet
rElec   .          Harm     .   (no cloak)
rCorr   .          Rampage  .   m - +0 pair of gloves
Will    +....                   c - +0 pair of boots
Stlth   ..........              (no amulet)
HPRegen 0.22/turn               (no ring)
MPRegen 0.11/turn               (no ring)

@: no status effects
A: cold resistance 1, negative energy resistance 3, torment resistance 2, heat
vulnerability 1, no potions
a: Renounce Religion, Trog's Hand


You were on level 6 of the Dungeon.
You worshipped Trog.
Trog was most pleased with you.
You visited 1 branch of the dungeon, and saw 7 of its levels.

You collected 343 gold pieces.
You spent 311 gold pieces at shops.

Inventory:

Hand Weapons
 a - a +0 hunting sling of freezing
 b - a +0 hand axe of electrocution
 d - a +4 short sword
 e - a +2 short sword of flaming
 i - a +4 spear
Missiles
 f - 178 stones (quivered)
 h - 61 sling bullets
 n - a throwing net
Armour
 c - a +0 pair of boots (worn)
 m - a +0 pair of gloves (worn)
 s - a +0 helmet (worn)
 t - a +2 scale mail of poison resistance (worn)
Wands
 o - a wand of flame (12)
Scrolls
 g - a scroll of identify
 j - a scroll of magic mapping
 k - a scroll of immolation
 l - a scroll of holy word
 q - a scroll of fog {unknown}
 r - a scroll of noise {unknown}


   Skills:
 + Level 8.1 Fighting
 - Level 1.5 Armour
 + Level 6.5 Dodging
 + Level 6.7 Unarmed Combat


You had 8 spell levels left.
You didn't know any spells.
Your spell library was empty.

Dungeon Overview and Level Annotations

Branches:
Dungeon (7/15)             Temple (0/1) D:4

Altars:
Dithmenos
Elyvilon
Kikubaaqudgha
Okawaru
Xom

Shops:
D:4 *   D:6 ?

Annotations:
D:6 Harold, Pikel


Innate Abilities, Weirdness & Mutations

You are immune to poison.
Your flesh is cold resistant. (rC+)
You are immune to negative energy. (rN+++)
You are immune to unholy pain and torment.
You are vulnerable to heat. (rF-)
You do not drink.


Message History

You closely miss Pikel.
Pikel is moderately wounded.
Pikel completely misses you.
You closely miss Pikel.
Pikel is moderately wounded.
You feel the effects of Trog's Hand fading.
Pikel splashes around in the water.
You hit Pikel.
Pikel is heavily wounded.
Pikel closely misses you.
You barely miss Pikel.
Pikel is heavily wounded.
Pikel hits you with a +0 whip of electrocution.
Unknown command.
Unknown command.
The lemure shouts!
Your skin stops crawling.
You feel less strong-willed.
Pikel cracks his whip.
Harold shouts!
Harold throws a throwing net.
The throwing net hits you.
You become entangled in the net!
You see here a throwing net.
You tear a large gash into the net.
Pikel hits you but does no damage. Harold fires a harpoon shot at you.
The harpoon shot hits you.
You are yanked forward by the harpoon shot.
Pikel hits you with a +0 whip of electrocution.
You see here a throwing net.
n - a throwing net Pikel barely misses you.
Harold hits you with a +1 hand axe of freezing.
Harold looks eager to get this over with.
Harold hits you with a +1 hand axe of freezing!
* * * LOW HITPOINT WARNING * * *
Harold freezes you.
* * * LOW HITPOINT WARNING * * *
Pikel says, "I just want to get paid!"
There is a stone staircase leading up here.
Pikel hits you but does no damage.
You are electrocuted!!
You die...

.......................#.#..#####
............................##...
.................................
.........................#.......
.................(...............
................5................
..............#..................
...............@K...........##...
................@..........###...
.)....................##.........
......................###........
............##...#...## #..###..#
.............#........###..# #..#
...........##..........#..## #..#
..#..........#......##.#..####.##
##.............#....##.#..##...#
##.................###........##


You could see Harold, Pikel and a lemure.

Vanquished Creatures
  Grinder (D:3)
  4 water moccasins
  An orc warrior (D:5)
  A sky beast (D:6)
  A necrophage (D:5)
  An ice beast (D:6)
  A centaur (D:6)
  2 ogres (D:5)
  A phantom (D:5)
  2 lemures (D:6)
  A kobold brigand (D:6)
  A bullfrog (D:6)
  A gnoll sergeant (D:4)
  2 scorpions
  4 water moccasin zombies
  5 wights (D:4)
  A howler monkey (D:4)
  2 hounds
  A gnoll shaman (D:5)
  An orc priest (D:3)
  2 bullfrog skeletons
  3 iguanas
  Natasha (thrice) (D:3)
  3 orc wizards
  14 gnolls
  4 adders
  2 white imps (D:6)
  An ufetubus (D:6)
  An adder skeleton (D:4)
  2 worms (D:2)
  6 dart slugs
  12 orcs
  4 endoplasms
  10 goblins
  9 hobgoblins
  2 jackals (D:5)
  A quokka (D:4)
  4 ball pythons
  5 bats
  2 frilled lizards
  A jackal skeleton (D:4)
  9 kobolds
  7 rats
141 creatures vanquished.

Notes
Turn   | Place    | Note
-------+----------+-------------------------------------------
     0 | D:1      | Gabide the Mummy Berserker began the quest for the Orb.
     0 | D:1      | Reached XP level 1. HP: 18/18 MP: 1/1
   599 | D:1      | Reached XP level 2. HP: 24/24 MP: 2/2
  1386 | D:2      | Reached XP level 3. HP: 25/29 MP: 3/3
  1506 | D:2      | Reached ** piety under Trog
  1952 | D:2      | Found a shimmering altar of Xom.
  2044 | D:2      | Found a faded altar of an unknown god.
  2289 | D:3      | Noticed Natasha
  2296 | D:3      | Killed Natasha
  2297 | D:3      | Reached XP level 4. HP: 21/37 MP: 4/4
  2475 | D:3      | You fall into a shaft and drop 3 floors!
  2514 | D:6      | Noticed a phantom
  2514 | D:6      | Noticed a kobold brigand
  2517 | D:5      | Entered Level 5 of the Dungeon
  2666 | D:5      | Noticed a water moccasin
  2677 | D:5      | Killed a water moccasin
  2678 | D:5      | Reached skill level 4 in Fighting
  2678 | D:5      | Reached XP level 5. HP: 19/43 MP: 5/5
  2923 | D:5      | Noticed a necrophage
  2933 | D:5      | Killed a necrophage
  2934 | D:5      | Reached XP level 6. HP: 43/49 MP: 6/6
  3079 | D:5      | Reached skill level 5 in Fighting
  3371 | D:4      | Found a staircase to the Ecumenical Temple.
  3390 | D:3      | Noticed Natasha
  3402 | D:3      | Killed Natasha
  3888 | D:3      | Reached XP level 7. HP: 39/56 MP: 7/7
  4602 | D:3      | Noticed Natasha
  4613 | D:3      | Killed Natasha
  5044 | D:3      | Found an iron altar of Okawaru.
  5098 | D:3      | Found a shadowy altar of Dithmenos.
  5123 | D:3      | Noticed Grinder
  5125 | D:3      | Paralysed by Grinder for 5 turns
  5415 | D:4      | Reached *** piety under Trog
  5716 | D:4      | Found Muntudgh's Serpentskin Sales.
  5744 | D:4      | Reached skill level 6 in Fighting
  5744 | D:4      | Reached skill level 5 in Unarmed Combat
  6308 | D:4      | Reached XP level 8. HP: 62/64 MP: 8/8
  6805 | D:4      | Reached skill level 5 in Dodging
  7507 | D:3      | Found an ancient bone altar of Kikubaaqudgha.
  7514 | D:3      | Found a shimmering altar of Xom.
  7764 | D:3      | Paralysed by Grinder for 2 turns
  7782 | D:3      | Killed Grinder
  8036 | D:4      | Bought a +2 scale mail of poison resistance for 234 gold
                  | pieces
  8422 | D:5      | Reached skill level 7 in Fighting
  8430 | D:5      | HP: 3/67 [gnoll/+0 spear (3)]
  8971 | D:5      | Identified the +1 leather armour of Jigsaw {Contam MP+9
                  | Dex+8}
  9614 | D:5      | Reached XP level 9. HP: 20/72 MP: 9/9
 10113 | D:6      | Found Alairof's Magic Scroll Shop.
 10116 | D:6      | Bought a scroll of identify for 28 gold pieces
 10116 | D:6      | Bought a scroll of fear for 49 gold pieces
 10749 | D:6      | Reached skill level 8 in Fighting
 11234 | D:7      | Noticed Harold
 11623 | D:7      | Noticed Pikel
 11840 | D:6      | Mangled by Pikel

Illustrated notes

Levels and vault maps discovered:
D:1:      wander_arrival_chamber, layout_basic, item_on_display_a
D:2:      layout_basic, chequers_ecumenical_altar_grove, basic_altar
D:3:      layout_basic, kennysheep_okawaru_gauntlet, lemuel_crystal_altar,
          amethyst_overflow_temple_binary, uniq_natasha, uniq_grinder
D:4:      layout_gridville, minmay_temple_entry_junction, guppyfry_shop_venom
D:5:      layout_loops_ring, lemuel_doored_altar
D:6:      layout_layer_cave, serial_shops, kennysheep_mini_moat
D:7:      minmay_blocky_corners, layout_gridville,
          mainiacjoe_overflow_concentric_impassable,
          nicolae_yredelemnul_corpse_copse, enter_ossuary_4, glass_columns_b,
          uniq_pikel, uniq_harold

Skill      XL: |  1  2  3  4  5  6  7  8  9 |
---------------+----------------------------+-----
Dodging        | 2 3 4 5 6 |  6.5
Unarmed Combat | 3 4 5 6 |  6.7
Fighting       | 4 5 6 7 8 |  8.1
Armour         | |  1.5

Action                   |  1- 3 |  4- 6 |  7- 9 || total
-------------------------+-------+-------+-------++-------
Melee: Unarmed           |   119 |     7 |    97 ||   223
       Punch             |     1 |     9 |    16 ||    26
       Short sword       |       |    70 |    29 ||    99
       Hand axe          |       |       |   158 ||   158
       Spear             |       |       |     7 ||     7
 Fire: Hunting sling     |    32 |    45 |   167 ||   244
Throw: Stone             |       |       |     2 ||     2
       Throwing net      |       |       |     1 ||     1
Invok: Trog's Hand       |       |       |     1 ||     1
Evoke: Wand              |       |       |     1 ||     1
  Use: Scroll            |     2 |     1 |    10 ||    13
Armor: Animal skin       |    25 |       |       ||    25
       Ring mail         |     3 |    26 |       ||    29
       Scale mail        |       |     2 |   134 ||   136
Dodge: Dodged            |    70 |    42 |   185 ||   297
